 Dungeon Crawl Stone Soup version 0.22-b1-21-g5cfc1688f2 (webtiles) character file.

480 Jorund the Chopper (level 6, -2/48 HPs)
             Began as a Demonspawn Fighter on Aug 8, 2018.
             Was an Initiate of Okawaru.
             Slain by a hound (5 damage)
             ... on level 4 of the Dungeon.
             The game lasted 00:07:00 (3780 turns).

Jorund the Chopper (Demonspawn Fighter)             Turns: 3780, Time: 00:07:03

Health: -2/48      AC: -7    Str: 17    XL:     6   Next: 86%
Magic:  6/6        EV: 11    Int: 11    God:    Okawaru [......]
Gold:   148        SH:  0    Dex: 12    Spells: 5/5 levels left

rFire    + . .     SeeInvis .   a - +0 war axe
rCold    . . .     Gourm    .   (no shield)
rNeg     . . .     Faith    .   d - +3 leather armour "Soneyg" {-Tele rPois rF+ Stlth+}
rPois    +         Spirit   .   (no helmet)
rElec    .         Reflect  .   p - +1 cloak
rCorr    .         Harm     .   (no gloves)
MR       .....     NoTele   +   (no boots)
Stlth    ++........             (no amulet)
HPRegen  0.16/turn              l - ring of poison resistance
MPRegen  0.10/turn              (no ring)

@: corroded
A: claws 2
a: Renounce Religion


You were on level 4 of the Dungeon.
You worshipped Okawaru.
Okawaru was noncommittal.
You were not hungry.

You visited 2 branches of the dungeon, and saw 6 of its levels.

You collected 148 gold pieces.

Inventory:

Hand Weapons
 a - a +0 war axe (weapon)
 h - a +0 blowgun
Missiles
 n - 15 poisoned needles
Armour
 b - a +0 scale mail
 c - a +0 shield
 d - the +3 leather armour "Soneyg" (worn) {-Tele rPois rF+ Stlth+}
   (You found it on level 5 of the Dungeon)

   It protects you from fire.
   It protects you from poison.
   It prevents most forms of teleportation.
   It makes you more stealthy.
 e - a scarf of cloud immunity
 p - a +1 cloak (worn)
Jewellery
 l - a ring of poison resistance (left claw)
Wands
 j - a wand of random effects (11)
Scrolls
 g - a scroll of enchant armour
 k - 2 scrolls of remove curse
 o - a scroll of fog
Potions
 i - 4 potions of lignification
 q - 2 potions of brilliance
 r - a potion of degeneration {unknown}
 s - a potion of ambrosia {unknown}
 t - 2 potions of curing {unknown}
 w - a potion of haste {unknown}
Comestibles
 f - 8 rations


   Skills:
 + Level 4.0 Fighting
 * Level 5.6 Axes
 + Level 4.0 Armour
 - Level 2.6 Shields


You had 5 spell levels left.
You didn't know any spells.
Your spell library was empty.

Dungeon Overview and Level Annotations

Branches:
Dungeon (5/15)             Temple (1/1) D:4

Altars:
Ashenzari
Cheibriados
Elyvilon
Gozag
Hepliaklqana
Okawaru
Ru
Sif Muna
Trog
Vehumet
Wu Jian
Yredelemnul


Innate Abilities, Weirdness & Mutations

You have very sharp fingernails.


Message History

The hound seems to speed up.
The hound bites you.
* * * LOW HITPOINT WARNING * * *
The hound closely misses you. x2
You feel much better. The hound barely misses you. The hound bites you.
The ogre hits you with a giant club!!
Ouch! That really hurt!
* * * LOW HITPOINT WARNING * * *
The hound barely misses you.
Okay, then.
Evoke which item? (* to show all) (? for menu, Esc to quit)
Aiming: Random Effects
Press: ? - help, Shift-Dir - straight line, f/p - hound
Aim: a hound (fast)
The fireball explodes!
The fireball engulfs the hound.
The hound is heavily wounded.
The fireball engulfs you! You resist.
* * * LOW HITPOINT WARNING * * *
The hound pauses to sniff the ground.
The hound bites you.
You die...

#.###### #.# ########..
#.....(## #O# #.........
#####...### #.# #.######..
......#...## #.# #.#### #..
#####......###.#########....#
#.. ##.#.#....#...........#.#
#..
#<#...###O#.########...###..
#.##### #..h................
#.# ###@########...###.. #.#
#.# ##......# #.# #.#
######## #.# #.# #.# #.# #.#
#######.# #.# #.......#
#.###.####### #.....#


You could see an ogre and a hound.

Vanquished Creatures
  Sigmund (D:4)
  A scorpion (D:4)
  A centaur zombie (D:5)
  2 worker ants (D:5)
  4 gnolls (D:4)
  8 adders
  An ooze (D:4)
  2 worms (D:2)
  5 leopard geckos
  5 orcs (D:3)
  4 giant cockroaches
  8 goblins
  4 hobgoblins
  4 jackals (D:3)
  9 kobolds
  2 quokkas (D:3)
  2 ball pythons (D:2)
  4 bats
  4 frilled lizards
  10 rats
81 creatures vanquished.

Notes
Turn   | Place    | Note
-------+----------+-------------------------------------------
     0 | D:1      | Jorund the Demonspawn Fighter began the quest for the Orb.
     0 | D:1      | Reached XP level 1. HP: 18/18 MP: 1/1
   234 | D:1      | Reached skill level 2 in Axes
   234 | D:1      | Gained mutation: You have sharp fingernails. [demonic ancestry]
   234 | D:1      | Reached XP level 2. HP: 22/24 MP: 2/2
   831 | D:2      | Reached XP level 3. HP: 28/29 MP: 3/3
  1438 | D:3      | Reached skill level 3 in Axes
  1878 | D:3      | Gained mutation: You have very sharp fingernails. [demonic ancestry]
  1878 | D:3      | Reached XP level 4. HP: 25/35 MP: 4/4
  2240 | D:3      | Found a hazy altar of Hepliaklqana.
  2339 | D:4      | Noticed an ogre
  2409 | D:4      | Found a bloodstained altar of Trog.
  2430 | D:4      | Reached XP level 5. HP: 18/41 MP: 5/5
  2634 | D:4      | Reached skill level 4 in Axes
  2684 | D:4      | Found a staircase to the Ecumenical Temple.
  2711 | Temple   | Entered the Ecumenical Temple
  2862 | Temple   | Became a worshipper of Warmaster Okawaru
  2892 | D:4      | Noticed Sigmund
  2901 | D:4      | Killed Sigmund
  2901 | D:4      | Reached skill level 5 in Axes
  2901 | D:4      | Reached XP level 6. HP: 30/48 MP: 6/6
  3528 | D:5      | Entered Level 5 of the Dungeon
  3565 | D:5      | Got a brightly glowing leather armour
  3576 | D:5      | Identified the +3 leather armour "Soneyg" {-Tele rPois rF+ Stlth+} (You found it on level 5 of the Dungeon)
  3780 | D:4      | HP: 2/48 [shot self (4)]
  3780 | D:4      | Slain by a hound

Skill      XL: |  1  2  3  4  5  6 |
---------------+-------------------+-----
Axes           | 2 3 5 |  5.6
Armour         | 3 4 |  4.0
Fighting       | 4 |  4.0
Shields        | |  2.6

Action                   |  1- 3 |  4- 6 || total
-------------------------+-------+-------++-------
Melee: War axe           |   122 |   182 ||   304
Evoke: Wand              |       |     5 ||     5
  Use: Scroll            |     8 |     3 ||    11
       Potion            |       |     4 ||     4
  Eat: Chunk             |     3 |     4 ||     7
       Ration            |       |     1 ||     1
Armor: Scale mail        |    66 |    99 ||   165
       Leather armour    |       |     6 ||     6
Dodge: Dodged            |    70 |   109 ||   179
